[ AOE2 MATCH · #488061756 ]
UnrankedLithuanians vs Koreans
Player's team · LOSS
[ REPLAY ANALYSIS · EXTRACTED FROM THE RECORDED GAME ]
Feudal
11:32
Castle
15:11
Imperial
30:07
| APM avg | 35.1 |
| APM peak | 87 |
| eAPM avg | 25.4 |
| Villagers / military | 154 / 347 |
Focus
⚔️ 36.7% · 🌾 63.3%
Knight ×283 · Leitis ×44 · Bombard Cannon ×10 · Trebuchet (Packed) ×6 · Monk ×4
Feudal
11:04
Castle
15:00
Imperial
32:11
| APM avg | 32.7 |
| APM peak | 119 |
| eAPM avg | 15.9 |
| Villagers / military | 161 / 157 |
Focus
⚔️ 30.9% · 🌾 69.1%
Spearman ×64 · Fire Lancer ×50 · Iron Pagoda ×23 · Bombard Cannon ×11 · Battering Ram ×4 · Petard ×3
Feudal
12:09
Castle
15:44
Imperial
30:42
| APM avg | 45.5 |
| APM peak | 100 |
| eAPM avg | 27.1 |
| Villagers / military | 149 / 253 |
Focus
⚔️ 45.3% · 🌾 54.7%
Spearman ×179 · Scorpion ×51 · Trebuchet (Packed) ×9 · Woad Raider ×7 · Mangonel ×4 · Battering Ram ×3
Feudal
9:49
Castle
18:34
Imperial
42:36
| APM avg | 41.9 |
| APM peak | 114 |
| eAPM avg | 29.5 |
| Villagers / military | 185 / 290 |
Focus
⚔️ 39.4% · 🌾 60.6%
Serjeant ×157 · Spearman ×124 · Battering Ram ×4 · Trebuchet (Packed) ×4 · Mangonel ×1 · Trade Cart ×1
Feudal
10:19
Castle
15:22
Imperial
38:33
| APM avg | 16.2 |
| APM peak | 51 |
| eAPM avg | 12.2 |
| Villagers / military | 99 / 215 |
Focus
⚔️ 30.0% · 🌾 70.0%
Spearman ×180 · Ballista Elephant ×10 · Scorpion ×8 · Battering Ram ×8 · Knight ×3 · Mangonel ×3
Feudal
10:28
Castle
18:01
Imperial
35:20
| APM avg | 28.7 |
| APM peak | 68 |
| eAPM avg | 16.6 |
| Villagers / military | 127 / 100 |
Focus
⚔️ 32.6% · 🌾 67.4%
Unknown (1952) ×159 · Scout Cavalry ×100 · Unknown (1944) ×54 · Unknown (1942) ×34 · Unknown (1949) ×1
Feudal
11:22
Castle
14:52
Imperial
34:22
| APM avg | 40.1 |
| APM peak | 107 |
| eAPM avg | 30.3 |
| Villagers / military | 199 / 248 |
Focus
⚔️ 26.6% · 🌾 73.4%
Scout Cavalry ×145 · Hand Cannoneer ×52 · Skirmisher ×34 · Coustillier ×13 · Knight ×2 · Mangonel ×2
Feudal
10:33
Castle
14:13
Imperial
30:23
| APM avg | 75.2 |
| APM peak | 158 |
| eAPM avg | 35.7 |
| Villagers / military | 226 / 492 |
Focus
⚔️ 38.7% · 🌾 61.3%
Knight ×429 · Obuch ×38 · Battering Ram ×12 · Trebuchet (Packed) ×10 · Mangonel ×2 · Monk ×1
Match map
Initial resources + every placement click. Lines = walls · curves = elevation contours. ◆ gold · ⬟ stone · ● berries · ✦ relic · ◌ wall gap
Your base· ✓ Closed at 15:11 · 0t walls · 3 gate(s)
Boroo's base· ✓ Closed at 15:00 · 0t walls · 2 gate(s)
CTM | Benja FC's base· ✓ Closed at 15:44 · 0t walls · 2 gate(s)
¼ Ô's base· ✓ Closed at 18:34 · 0t walls · 3 gate(s)
CTM | Franco*'s base· ✓ Closed at 15:22 · 0t walls · 2 gate(s)
:) YO30830's base· ✓ Closed at 18:01 · 0t walls · 3 gate(s)
CTM | Que paso perrito?'s base· ✓ Closed at 14:52 · 0t walls · 3 gate(s)
TmZ_ĐЯEW ♚☯'s base· ✓ Closed at 14:13 · 0t walls · 2 gate(s)
Smoothed initial terrain · ◌ = detected wall gap · hover for details
Inputs per minute
— PSX | King - - Boroo
Build order — PSX | King
First 150 of 586 actions detected
| 0:02 | Create | Villager (Male) |
| 0:02 | Create | Villager (Male) |
| 0:03 | Create | Villager (Male) |
| 0:04 | Build | House |
| 0:05 | Build | House |
| 0:19 | Create | Villager (Male) |
| 0:19 | Create | Villager (Male) |
| 0:19 | Create | Villager (Male) |
| 0:19 | Create | Villager (Male) |
| 1:16 | Create | Villager (Male) |
| 1:16 | Create | Villager (Male) |
| 1:45 | Build | Lumber Camp |
| 1:50 | Create | Villager (Male) |
| 1:50 | Create | Villager (Male) |
| 2:22 | Create | Villager (Male) |
| 2:56 | Create | Villager (Male) |
| 3:26 | Build | House |
| 3:27 | Build | House |
| 3:28 | Build | House |
| 3:38 | Create | Villager (Male) |
| 4:32 | Build | House |
| 4:47 | Create | Villager (Male) |
| 4:47 | Create | Villager (Male) |
| 4:47 | Create | Villager (Male) |
| 4:47 | Create | Villager (Male) |
| 5:16 | Build | Mill |
| 6:09 | Create | Villager (Male) |
| 6:09 | Create | Villager (Male) |
| 7:00 | Build | Mining Camp |
| 7:03 | Build | Mining Camp |
| 7:17 | Create | Villager (Male) |
| 7:17 | Create | Villager (Male) |
| 7:25 | Build | Farm |
| 7:30 | Build | Farm |
| 8:06 | Create | Villager (Male) |
| 8:18 | Create | Villager (Male) |
| 8:26 | Build | Mining Camp |
| 8:41 | Research | Loom |
| 8:41 | Research | Feudal Age |
| 9:48 | Create | Villager (Male) |
| 9:48 | Create | Villager (Male) |
| 11:32 | Age | Feudal Age |
| 11:34 | Build | Market |
| 11:39 | Build | Blacksmith |
| 12:31 | Research | Castle Age |
| 12:31 | Research | Castle Age |
| 13:19 | Build | Farm |
| 13:19 | Build | Farm |
| 13:23 | Build | Farm |
| 13:30 | Create | Villager (Male) |
| 13:54 | Research | Double-Bit Axe |
| 13:54 | Research | Double-Bit Axe |
| 15:11 | Age | Castle Age |
| 15:14 | Build | Castle |
| 15:28 | Build | Town Center |
| 15:31 | Create | Villager (Male) |
| 15:33 | Build | Monastery |
| 15:57 | Create | Villager (Male) |
| 16:15 | Create | Villager (Male) |
| 16:19 | Create | Monk |
| 16:26 | Build | Farm |
| 16:33 | Build | House |
| 16:36 | Build | House |
| 16:52 | Create | Leitis |
| 16:52 | Create | Leitis |
| 16:55 | Create | Villager (Male) |
| 17:10 | Create | Villager (Male) |
| 17:10 | Create | Villager (Male) |
| 17:13 | Build | Farm |
| 17:15 | Build | Farm |
| 17:17 | Create | Villager (Male) |
| 17:17 | Create | Villager (Male) |
| 17:21 | Create | Villager (Male) |
| 17:22 | Create | Villager (Male) |
| 17:49 | Create | Monk |
| 17:49 | Create | Monk |
| 17:53 | Build | House |
| 17:56 | Create | Villager (Male) |
| 18:00 | Build | Farm |
| 18:02 | Build | Farm |
| 18:07 | Build | Farm |
| 18:18 | Create | Villager (Male) |
| 18:20 | Create | Leitis |
| 18:21 | Create | Leitis |
| 18:55 | Create | Villager (Male) |
| 18:55 | Create | Villager (Male) |
| 18:56 | Create | Villager (Male) |
| 18:58 | Build | Farm |
| 19:00 | Build | Farm |
| 19:01 | Build | Farm |
| 19:02 | Build | Farm |
| 19:06 | Create | Villager (Male) |
| 19:14 | Create | Monk |
| 19:20 | Build | Farm |
| 19:24 | Build | Farm |
| 19:28 | Create | Villager (Male) |
| 19:46 | Create | Leitis |
| 19:46 | Create | Leitis |
| 19:50 | Build | Farm |
| 19:50 | Build | Farm |
| 19:59 | Create | Villager (Male) |
| 20:19 | Create | Villager (Male) |
| 20:20 | Create | Villager (Male) |
| 20:24 | Build | Farm |
| 20:25 | Build | Farm |
| 20:29 | Create | Villager (Male) |
| 20:31 | Create | Villager (Male) |
| 20:46 | Create | Villager (Male) |
| 20:49 | Build | Farm |
| 20:51 | Build | Farm |
| 21:07 | Create | Villager (Male) |
| 21:09 | Build | Farm |
| 21:11 | Build | Farm |
| 21:12 | Create | Villager (Male) |
| 21:21 | Research | Bow Saw |
| 21:25 | Research | Horse Collar |
| 21:25 | Research | Horse Collar |
| 21:27 | Create | Villager (Male) |
| 21:27 | Create | Villager (Male) |
| 21:38 | Create | Villager (Male) |
| 21:49 | Create | Villager (Male) |
| 21:51 | Create | Villager (Male) |
| 21:52 | Create | Villager (Male) |
| 21:56 | Build | Farm |
| 21:58 | Create | Villager (Male) |
| 22:01 | Build | Farm |
| 22:03 | Build | Farm |
| 22:03 | Build | Farm |
| 22:04 | Create | Villager (Male) |
| 22:09 | Research | Heavy Plow |
| 22:10 | Research | Gold Mining |
| 22:29 | Create | Villager (Male) |
| 22:29 | Create | Villager (Male) |
| 22:34 | Build | Mining Camp |
| 22:38 | Build | Farm |
| 22:44 | Build | Farm |
| 22:45 | Create | Villager (Male) |
| 22:53 | Research | Wheelbarrow |
| 22:59 | Create | Leitis |
| 22:59 | Create | Leitis |
| 23:02 | Build | Farm |
| 23:03 | Create | Villager (Male) |
| 23:05 | Build | Farm |
| 23:13 | Create | Leitis |
| 23:20 | Research | Scale Barding Armor |
| 23:20 | Research | Scale Barding Armor |
| 23:39 | Research | Forging |
| 23:40 | Create | Villager (Male) |
| 23:46 | Create | Leitis |
| 23:46 | Create | Leitis |
Build order — Boroo
First 150 of 508 actions detected
| 0:01 | Create | Villager (Male) |
| 0:02 | Create | Villager (Male) |
| 0:02 | Create | Villager (Male) |
| 0:02 | Create | Villager (Male) |
| 0:02 | Create | Villager (Male) |
| 0:04 | Build | House |
| 0:06 | Build | House |
| 1:25 | Create | Villager (Male) |
| 1:25 | Create | Villager (Male) |
| 1:49 | Build | Lumber Camp |
| 1:59 | Create | Villager (Male) |
| 1:59 | Create | Villager (Male) |
| 2:16 | Create | Villager (Male) |
| 2:17 | Create | Villager (Male) |
| 3:03 | Build | House |
| 3:04 | Build | House |
| 3:13 | Create | Villager (Male) |
| 3:13 | Create | Villager (Male) |
| 3:14 | Create | Villager (Male) |
| 3:34 | Create | Villager (Male) |
| 3:34 | Create | Villager (Male) |
| 3:58 | Create | Villager (Male) |
| 4:26 | Create | Villager (Male) |
| 4:32 | Build | Mill |
| 5:02 | Create | Villager (Male) |
| 5:21 | Create | Villager (Male) |
| 5:42 | Create | Villager (Male) |
| 6:14 | Create | Villager (Male) |
| 6:37 | Build | Mill |
| 6:47 | Create | Villager (Male) |
| 6:48 | Create | Villager (Male) |
| 7:19 | Create | Villager (Male) |
| 7:19 | Create | Villager (Male) |
| 7:28 | Build | Mining Camp |
| 8:54 | Research | Feudal Age |
| 9:04 | Build | House |
| 9:05 | Build | House |
| 9:34 | Create | Villager (Male) |
| 9:35 | Create | Villager (Male) |
| 9:36 | Research | Loom |
| 10:31 | Build | Farm |
| 10:37 | Build | Farm |
| 11:04 | Age | Feudal Age |
| 11:07 | Build | Market |
| 11:16 | Build | Blacksmith |
| 12:16 | Research | Castle Age |
| 12:28 | Build | Farm |
| 12:42 | Research | Double-Bit Axe |
| 13:05 | Research | Horse Collar |
| 13:33 | Build | Farm |
| 14:06 | Build | Farm |
| 14:09 | Build | Farm |
| 14:13 | Build | Farm |
| 14:18 | Create | Villager (Male) |
| 14:19 | Create | Villager (Male) |
| 14:31 | Build | Farm |
| 15:00 | Age | Castle Age |
| 15:09 | Build | Castle |
| 15:20 | Build | Barracks |
| 15:27 | Create | Villager (Male) |
| 15:53 | Create | Villager (Male) |
| 15:55 | Research | Bow Saw |
| 16:13 | Build | Siege Workshop |
| 16:31 | Create | Villager (Male) |
| 16:44 | Build | Outpost |
| 16:49 | Create | Villager (Male) |
| 17:06 | Build | Outpost |
| 17:09 | Build | Outpost |
| 17:11 | Create | Villager (Male) |
| 17:20 | Build | Farm |
| 17:23 | Build | Farm |
| 17:27 | Build | Farm |
| 17:34 | Build | Farm |
| 17:44 | Build | Farm |
| 17:47 | Build | Farm |
| 17:48 | Create | Villager (Male) |
| 17:58 | Create | Villager (Male) |
| 18:07 | Create | Villager (Male) |
| 18:13 | Build | Mining Camp |
| 18:19 | Create | Villager (Male) |
| 18:35 | Build | Farm |
| 18:46 | Build | Outpost |
| 18:59 | Research | Gold Mining |
| 19:03 | Research | Stone Mining |
| 19:09 | Build | Farm |
| 19:13 | Create | Villager (Male) |
| 19:22 | Create | Villager (Male) |
| 19:42 | Build | Outpost |
| 19:54 | Research | Gambesons |
| 19:55 | Research | Squires |
| 19:57 | Create | Fire Lancer |
| 20:03 | Create | Villager (Male) |
| 20:19 | Build | Outpost |
| 20:22 | Create | Villager (Male) |
| 20:29 | Create | Fire Lancer |
| 20:42 | Build | Outpost |
| 20:45 | Create | Villager (Male) |
| 21:10 | Create | Fire Lancer |
| 21:16 | Create | Petard |
| 21:16 | Create | Petard |
| 21:18 | Create | Villager (Male) |
| 21:32 | Build | Outpost |
| 21:38 | Create | Battering Ram |
| 21:49 | Create | Petard |
| 21:49 | Create | Villager (Male) |
| 21:51 | Create | Villager (Male) |
| 22:17 | Create | Fire Lancer |
| 22:25 | Build | Lumber Camp |
| 22:41 | Build | Outpost |
| 22:46 | Create | Villager (Male) |
| 23:02 | Build | House |
| 23:03 | Build | House |
| 23:04 | Build | House |
| 23:04 | Build | House |
| 23:04 | Build | House |
| 23:05 | Build | House |
| 23:08 | Build | House |
| 23:09 | Build | House |
| 23:09 | Build | House |
| 23:11 | Create | Villager (Male) |
| 23:19 | Create | Villager (Male) |
| 23:42 | Create | Villager (Male) |
| 23:46 | Create | Battering Ram |
| 23:58 | Create | Villager (Male) |
| 24:08 | Create | Battering Ram |
| 24:12 | Create | Fire Lancer |
| 24:15 | Create | Fire Lancer |
| 24:28 | Create | Villager (Male) |
| 24:38 | Create | Fire Lancer |
| 24:47 | Create | Battering Ram |
| 25:05 | Build | Barracks |
| 25:11 | Create | Villager (Male) |
| 25:11 | Create | Villager (Male) |
| 25:19 | Research | Scale Mail Armor |
| 25:20 | Research | Forging |
| 25:22 | Create | Villager (Male) |
| 25:59 | Create | Villager (Male) |
| 25:59 | Create | Villager (Male) |
| 26:21 | Create | Villager (Male) |
| 26:43 | Create | Fire Lancer |
| 26:43 | Create | Fire Lancer |
| 26:43 | Create | Fire Lancer |
| 27:00 | Create | Fire Lancer |
| 27:01 | Create | Fire Lancer |
| 27:01 | Create | Villager (Male) |
| 27:02 | Create | Villager (Male) |
| 27:13 | Create | Fire Lancer |
| 27:13 | Create | Fire Lancer |
| 27:51 | Build | Castle |
| 28:10 | Create | Fire Lancer |
Build order — CTM | Benja FC
First 150 of 613 actions detected
| 0:02 | Create | Villager (Male) |
| 0:03 | Build | House |
| 0:04 | Build | House |
| 0:06 | Create | Villager (Male) |
| 0:12 | Create | Villager (Male) |
| 0:26 | Create | Villager (Male) |
| 1:26 | Create | Villager (Male) |
| 1:26 | Create | Villager (Male) |
| 1:56 | Build | Lumber Camp |
| 2:06 | Create | Villager (Male) |
| 2:08 | Create | Villager (Male) |
| 2:08 | Create | Villager (Male) |
| 3:04 | Create | Villager (Male) |
| 3:04 | Create | Villager (Male) |
| 3:04 | Create | Villager (Male) |
| 3:34 | Build | House |
| 3:36 | Build | House |
| 3:50 | Create | Villager (Male) |
| 4:13 | Create | Villager (Male) |
| 4:33 | Build | House |
| 4:50 | Create | Villager (Male) |
| 5:07 | Create | Villager (Male) |
| 5:09 | Build | Mill |
| 5:49 | Create | Villager (Male) |
| 6:00 | Create | Villager (Male) |
| 6:10 | Create | Villager (Male) |
| 6:20 | Build | Mill |
| 6:28 | Create | Villager (Male) |
| 7:09 | Build | Mining Camp |
| 7:12 | Create | Villager (Male) |
| 7:45 | Create | Villager (Male) |
| 7:56 | Create | Villager (Male) |
| 8:38 | Create | Villager (Male) |
| 8:43 | Build | Lumber Camp |
| 8:47 | Create | Villager (Male) |
| 9:11 | Create | Villager (Male) |
| 9:23 | Research | Feudal Age |
| 10:06 | Build | Farm |
| 10:07 | Build | Farm |
| 10:15 | Build | Farm |
| 10:23 | Build | Farm |
| 10:27 | Build | Farm |
| 10:38 | Build | Farm |
| 10:44 | Build | House |
| 12:03 | Create | Villager (Male) |
| 12:09 | Create | Villager (Male) |
| 12:09 | Age | Feudal Age |
| 12:16 | Build | Market |
| 12:18 | Build | Blacksmith |
| 13:04 | Research | Castle Age |
| 13:05 | Research | Castle Age |
| 13:29 | Create | Villager (Male) |
| 13:34 | Build | House |
| 13:40 | Build | House |
| 14:01 | Create | Villager (Male) |
| 14:03 | Research | Horse Collar |
| 14:10 | Research | Double-Bit Axe |
| 14:21 | Build | House |
| 14:56 | Build | House |
| 14:59 | Research | Gold Mining |
| 15:34 | Build | House |
| 15:36 | Build | House |
| 15:44 | Age | Castle Age |
| 15:47 | Build | Town Center |
| 15:51 | Create | Villager (Male) |
| 15:54 | Build | Town Center |
| 15:59 | Research | Heavy Plow |
| 16:07 | Research | Bow Saw |
| 16:15 | Build | House |
| 16:37 | Create | Villager (Male) |
| 16:53 | Build | House |
| 17:02 | Create | Villager (Male) |
| 17:10 | Build | Farm |
| 17:10 | Build | Farm |
| 17:10 | Build | Farm |
| 17:11 | Build | Farm |
| 17:14 | Build | Farm |
| 17:16 | Create | Villager (Male) |
| 17:29 | Build | Farm |
| 17:35 | Build | Farm |
| 17:38 | Create | Villager (Male) |
| 18:06 | Build | House |
| 18:07 | Build | House |
| 18:08 | Create | Villager (Male) |
| 18:12 | Build | Farm |
| 18:15 | Build | Farm |
| 18:17 | Create | Villager (Male) |
| 18:22 | Create | Villager (Male) |
| 18:25 | Create | Villager (Male) |
| 18:25 | Create | Villager (Male) |
| 18:33 | Build | House |
| 18:33 | Build | House |
| 18:33 | Build | House |
| 18:34 | Create | Villager (Male) |
| 18:54 | Build | Lumber Camp |
| 18:56 | Create | Villager (Male) |
| 18:57 | Create | Villager (Male) |
| 19:05 | Build | House |
| 19:06 | Build | House |
| 19:07 | Create | Villager (Male) |
| 19:17 | Create | Villager (Male) |
| 19:24 | Build | Farm |
| 19:25 | Build | Farm |
| 19:26 | Create | Villager (Male) |
| 19:36 | Create | Villager (Male) |
| 19:48 | Build | House |
| 19:49 | Build | House |
| 19:49 | Build | House |
| 19:49 | Build | House |
| 19:54 | Build | House |
| 20:02 | Build | Blacksmith |
| 20:03 | Create | Villager (Male) |
| 20:04 | Create | Villager (Male) |
| 20:05 | Create | Villager (Male) |
| 20:15 | Create | Villager (Male) |
| 20:15 | Create | Villager (Male) |
| 20:31 | Create | Villager (Male) |
| 20:34 | Build | Farm |
| 20:37 | Build | Farm |
| 20:38 | Create | Villager (Male) |
| 20:43 | Build | Farm |
| 20:44 | Create | Villager (Male) |
| 20:48 | Build | House |
| 20:50 | Build | House |
| 20:54 | Build | House |
| 20:55 | Create | Villager (Male) |
| 21:05 | Build | Town Center |
| 21:09 | Create | Villager (Male) |
| 21:10 | Create | Villager (Male) |
| 21:16 | Create | Villager (Male) |
| 21:28 | Build | Farm |
| 21:29 | Build | Farm |
| 21:30 | Create | Villager (Male) |
| 21:33 | Create | Villager (Male) |
| 21:46 | Create | Villager (Male) |
| 21:46 | Create | Villager (Male) |
| 21:49 | Build | House |
| 21:50 | Build | House |
| 21:59 | Create | Villager (Male) |
| 22:03 | Build | Farm |
| 22:07 | Create | Villager (Male) |
| 22:07 | Create | Villager (Male) |
| 22:13 | Build | Mining Camp |
| 22:14 | Create | Villager (Male) |
| 22:18 | Create | Villager (Male) |
| 22:29 | Build | Farm |
| 22:30 | Build | Farm |
| 22:32 | Create | Villager (Male) |
| 22:37 | Build | Farm |
| 22:37 | Create | Villager (Male) |
Build order — ¼ Ô
First 150 of 732 actions detected
| 0:00 | Create | Villager (Male) |
| 0:01 | Create | Villager (Male) |
| 0:01 | Create | Villager (Male) |
| 0:01 | Create | Villager (Male) |
| 0:06 | Build | House |
| 0:32 | Build | House |
| 0:33 | Build | House |
| 0:34 | Build | House |
| 1:32 | Create | Villager (Male) |
| 2:09 | Create | Villager (Male) |
| 2:35 | Create | Villager (Male) |
| 3:04 | Research | Loom |
| 3:05 | Create | Villager (Male) |
| 3:52 | Create | Villager (Male) |
| 4:13 | Create | Villager (Male) |
| 4:14 | Create | Villager (Male) |
| 4:42 | Create | Villager (Male) |
| 4:53 | Create | Villager (Male) |
| 5:01 | Create | Villager (Male) |
| 5:09 | Build | Lumber Camp |
| 5:34 | Create | Villager (Male) |
| 6:06 | Create | Villager (Male) |
| 6:06 | Create | Villager (Male) |
| 6:06 | Create | Villager (Male) |
| 6:09 | Create | Villager (Male) |
| 6:19 | Build | Mill |
| 6:50 | Create | Villager (Male) |
| 7:05 | Create | Villager (Male) |
| 7:25 | Build | Donjon |
| 7:38 | Research | Feudal Age |
| 9:13 | Build | House |
| 9:15 | Build | House |
| 9:29 | Create | Villager (Male) |
| 9:29 | Create | Villager (Male) |
| 9:30 | Create | Villager (Male) |
| 9:30 | Create | Villager (Male) |
| 9:49 | Age | Feudal Age |
| 9:59 | Build | Blacksmith |
| 10:08 | Create | Villager (Male) |
| 10:18 | Build | Market |
| 10:19 | Create | Villager (Male) |
| 10:19 | Create | Villager (Male) |
| 10:48 | Build | Mining Camp |
| 11:03 | Create | Villager (Male) |
| 11:32 | Research | Horse Collar |
| 12:02 | Build | Mill |
| 12:07 | Create | Villager (Male) |
| 12:53 | Create | Villager (Male) |
| 13:22 | Create | Villager (Male) |
| 13:22 | Create | Villager (Male) |
| 13:22 | Create | Villager (Male) |
| 13:35 | Create | Villager (Male) |
| 13:40 | Build | Farm |
| 13:40 | Build | Farm |
| 13:40 | Build | Farm |
| 13:40 | Build | Farm |
| 13:41 | Build | Farm |
| 13:41 | Build | Farm |
| 13:41 | Build | Farm |
| 13:41 | Build | Farm |
| 13:42 | Build | Farm |
| 13:42 | Build | Farm |
| 14:03 | Create | Villager (Male) |
| 14:06 | Build | Farm |
| 14:06 | Build | Farm |
| 14:06 | Build | Farm |
| 14:07 | Build | Farm |
| 14:07 | Build | Farm |
| 14:18 | Create | Villager (Male) |
| 14:27 | Build | Farm |
| 14:27 | Build | Farm |
| 14:27 | Build | Farm |
| 14:28 | Build | Farm |
| 14:28 | Build | Farm |
| 14:28 | Build | Farm |
| 14:28 | Build | Farm |
| 14:28 | Build | Farm |
| 14:29 | Build | Farm |
| 14:29 | Build | Farm |
| 14:29 | Build | Farm |
| 14:29 | Build | Farm |
| 14:54 | Build | Farm |
| 14:54 | Build | Farm |
| 15:19 | Create | Villager (Male) |
| 15:54 | Research | Castle Age |
| 16:01 | Build | Mining Camp |
| 16:19 | Create | Serjeant |
| 16:27 | Build | House |
| 16:28 | Build | House |
| 16:30 | Build | House |
| 16:34 | Create | Villager (Male) |
| 16:35 | Create | Villager (Male) |
| 16:43 | Research | Double-Bit Axe |
| 17:01 | Build | Barracks |
| 17:06 | Create | Villager (Male) |
| 17:06 | Create | Villager (Male) |
| 17:26 | Build | House |
| 17:26 | Build | House |
| 17:28 | Build | House |
| 17:39 | Research | Scale Mail Armor |
| 17:50 | Create | Serjeant |
| 17:50 | Create | Serjeant |
| 18:11 | Build | House |
| 18:11 | Build | House |
| 18:11 | Build | House |
| 18:11 | Build | House |
| 18:12 | Build | House |
| 18:12 | Build | House |
| 18:17 | Build | Donjon |
| 18:21 | Create | Serjeant |
| 18:21 | Create | Serjeant |
| 18:34 | Age | Castle Age |
| 18:59 | Create | Villager (Male) |
| 18:59 | Create | Villager (Male) |
| 19:05 | Create | Serjeant |
| 19:13 | Build | Siege Workshop |
| 19:19 | Create | Villager (Male) |
| 19:29 | Build | Farm |
| 19:29 | Build | Farm |
| 19:29 | Build | Farm |
| 19:29 | Build | Farm |
| 19:30 | Build | Farm |
| 19:30 | Build | Farm |
| 19:58 | Create | Villager (Male) |
| 19:58 | Create | Villager (Male) |
| 20:05 | Create | Mangonel |
| 20:20 | Create | Serjeant |
| 20:35 | Create | Serjeant |
| 20:56 | Create | Serjeant |
| 20:56 | Create | Serjeant |
| 20:57 | Create | Serjeant |
| 21:02 | Build | Donjon |
| 21:17 | Build | Palisade Gate |
| 21:31 | Create | Serjeant |
| 21:31 | Create | Serjeant |
| 21:31 | Create | Serjeant |
| 21:51 | Create | Serjeant |
| 21:55 | Create | Villager (Male) |
| 21:55 | Create | Villager (Male) |
| 22:05 | Create | Serjeant |
| 22:21 | Create | Battering Ram |
| 22:21 | Create | Battering Ram |
| 22:31 | Build | Gate |
| 22:38 | Create | Villager (Male) |
| 22:38 | Create | Villager (Male) |
| 22:38 | Create | Villager (Male) |
| 22:50 | Create | Villager (Male) |
| 22:54 | Create | Villager (Male) |
| 23:15 | Create | Battering Ram |
| 23:15 | Create | Battering Ram |
Build order — CTM | Franco*
First 150 of 333 actions detected
| 0:01 | Create | Villager (Male) |
| 0:01 | Create | Villager (Male) |
| 0:02 | Create | Villager (Male) |
| 0:02 | Create | Villager (Male) |
| 0:02 | Create | Villager (Male) |
| 0:02 | Create | Villager (Male) |
| 0:04 | Build | House |
| 0:06 | Build | House |
| 1:38 | Create | Villager (Male) |
| 1:39 | Create | Villager (Male) |
| 2:09 | Create | Villager (Male) |
| 2:10 | Create | Villager (Male) |
| 2:24 | Create | Villager (Male) |
| 2:42 | Build | House |
| 2:43 | Build | House |
| 2:53 | Create | Villager (Male) |
| 2:53 | Create | Villager (Male) |
| 3:04 | Create | Villager (Male) |
| 3:33 | Create | Villager (Male) |
| 4:13 | Create | Villager (Male) |
| 4:13 | Create | Villager (Male) |
| 4:29 | Build | Lumber Camp |
| 4:49 | Create | Villager (Male) |
| 4:49 | Create | Villager (Male) |
| 5:23 | Create | Villager (Male) |
| 5:38 | Create | Villager (Male) |
| 5:59 | Create | Villager (Male) |
| 6:19 | Build | Mill |
| 6:27 | Create | Villager (Male) |
| 6:28 | Create | Villager (Male) |
| 7:38 | Create | Villager (Male) |
| 7:52 | Build | Mining Camp |
| 8:07 | Research | Feudal Age |
| 9:18 | Research | Loom |
| 10:19 | Age | Feudal Age |
| 12:07 | Build | House |
| 12:08 | Build | House |
| 12:42 | Research | Castle Age |
| 13:34 | Build | Stable |
| 14:48 | Build | House |
| 14:49 | Build | House |
| 15:22 | Age | Castle Age |
| 15:27 | Build | Siege Workshop |
| 15:29 | Create | Knight |
| 15:29 | Create | Knight |
| 15:29 | Create | Knight |
| 15:54 | Create | Villager (Male) |
| 15:54 | Create | Villager (Male) |
| 15:55 | Create | Villager (Male) |
| 16:07 | Create | Battering Ram |
| 16:07 | Create | Battering Ram |
| 16:11 | Create | Scorpion |
| 16:11 | Create | Scorpion |
| 16:14 | Create | Battering Ram |
| 16:15 | Create | Villager (Male) |
| 16:34 | Build | Farm |
| 16:35 | Build | Farm |
| 17:00 | Build | Farm |
| 17:40 | Create | Villager (Male) |
| 17:53 | Build | Farm |
| 17:54 | Build | Farm |
| 18:12 | Build | House |
| 18:13 | Build | House |
| 18:16 | Create | Villager (Male) |
| 18:46 | Create | Scorpion |
| 18:47 | Create | Scorpion |
| 18:53 | Create | Villager (Male) |
| 18:54 | Create | Villager (Male) |
| 18:56 | Build | Farm |
| 19:14 | Build | Farm |
| 19:15 | Create | Villager (Male) |
| 19:26 | Build | Farm |
| 19:37 | Build | House |
| 19:37 | Build | House |
| 19:38 | Build | House |
| 19:39 | Create | Villager (Male) |
| 19:51 | Build | Farm |
| 19:59 | Create | Villager (Male) |
| 20:25 | Create | Villager (Male) |
| 20:25 | Create | Villager (Male) |
| 21:17 | Create | Villager (Male) |
| 21:17 | Create | Villager (Male) |
| 21:34 | Create | Villager (Male) |
| 21:34 | Create | Villager (Male) |
| 21:47 | Build | Farm |
| 22:02 | Create | Villager (Male) |
| 22:05 | Create | Mangonel |
| 22:06 | Create | Scorpion |
| 22:06 | Create | Scorpion |
| 22:08 | Create | Villager (Male) |
| 22:22 | Create | Villager (Male) |
| 22:30 | Build | Town Center |
| 22:45 | Build | Farm |
| 22:47 | Build | Farm |
| 22:49 | Create | Villager (Male) |
| 22:57 | Create | Villager (Male) |
| 23:08 | Create | Battering Ram |
| 23:08 | Create | Battering Ram |
| 23:12 | Create | Villager (Male) |
| 23:39 | Create | Villager (Male) |
| 23:40 | Create | Villager (Male) |
| 23:43 | Build | Farm |
| 23:44 | Build | Farm |
| 23:51 | Create | Villager (Male) |
| 23:52 | Create | Villager (Male) |
| 23:52 | Create | Villager (Male) |
| 23:52 | Create | Villager (Male) |
| 24:02 | Create | Villager (Male) |
| 24:10 | Build | Farm |
| 24:13 | Create | Villager (Male) |
| 24:25 | Research | Horse Collar |
| 24:41 | Create | Battering Ram |
| 24:48 | Create | Villager (Male) |
| 24:48 | Create | Villager (Male) |
| 25:10 | Research | Heavy Plow |
| 25:29 | Create | Villager (Male) |
| 25:33 | Create | Battering Ram |
| 25:45 | Build | Farm |
| 25:52 | Research | Double-Bit Axe |
| 25:54 | Create | Villager (Male) |
| 26:12 | Create | Villager (Male) |
| 26:13 | Create | Villager (Male) |
| 26:34 | Create | Battering Ram |
| 26:42 | Build | Lumber Camp |
| 26:46 | Build | Lumber Camp |
| 26:53 | Create | Villager (Male) |
| 26:54 | Create | Villager (Male) |
| 27:04 | Create | Villager (Male) |
| 27:04 | Create | Villager (Male) |
| 27:22 | Build | House |
| 27:23 | Build | House |
| 27:24 | Build | House |
| 27:26 | Create | Villager (Male) |
| 27:26 | Create | Villager (Male) |
| 27:51 | Build | Farm |
| 27:51 | Create | Villager (Male) |
| 27:52 | Create | Villager (Male) |
| 27:53 | Create | Villager (Male) |
| 28:04 | Research | Wheelbarrow |
| 28:10 | Build | Farm |
| 28:13 | Create | Villager (Male) |
| 28:29 | Create | Villager (Male) |
| 28:29 | Create | Villager (Male) |
| 28:33 | Build | Farm |
| 28:43 | Create | Villager (Male) |
| 28:44 | Create | Villager (Male) |
| 28:59 | Create | Villager (Male) |
| 29:03 | Build | Farm |
| 29:22 | Build | Farm |
| 29:26 | Build | House |
Build order — :) YO30830
First 150 of 417 actions detected
| 0:03 | Build | House |
| 0:04 | Build | House |
| 0:05 | Create | Villager (Male) |
| 0:05 | Create | Villager (Male) |
| 0:36 | Create | Villager (Male) |
| 0:36 | Create | Villager (Male) |
| 1:28 | Create | Villager (Male) |
| 1:57 | Build | Lumber Camp |
| 2:07 | Create | Villager (Male) |
| 2:45 | Create | Villager (Male) |
| 3:00 | Create | Villager (Male) |
| 3:38 | Create | Villager (Male) |
| 3:47 | Create | Villager (Male) |
| 3:47 | Create | Villager (Male) |
| 4:12 | Build | House |
| 4:22 | Create | Villager (Male) |
| 4:29 | Build | House |
| 4:29 | Build | House |
| 4:53 | Create | Villager (Male) |
| 5:41 | Create | Villager (Male) |
| 5:41 | Create | Villager (Male) |
| 5:49 | Build | Mill |
| 6:20 | Build | Mill |
| 6:32 | Create | Villager (Male) |
| 6:32 | Create | Villager (Male) |
| 7:17 | Create | Villager (Male) |
| 7:53 | Create | Villager (Male) |
| 8:01 | Build | Mining Camp |
| 8:18 | Research | Feudal Age |
| 8:18 | Research | Feudal Age |
| 9:08 | Build | Barracks |
| 9:27 | Create | Villager (Male) |
| 9:27 | Create | Villager (Male) |
| 9:27 | Create | Villager (Male) |
| 10:28 | Age | Feudal Age |
| 10:29 | Research | Double-Bit Axe |
| 10:31 | Research | Horse Collar |
| 10:32 | Research | Gold Mining |
| 10:52 | Build | Blacksmith |
| 11:06 | Research | Wheelbarrow |
| 11:26 | Build | House |
| 11:42 | Build | Farm |
| 11:47 | Build | Farm |
| 12:08 | Create | Villager (Male) |
| 12:08 | Create | Villager (Male) |
| 12:16 | Build | Archery Range |
| 12:29 | Build | Farm |
| 12:34 | Build | Farm |
| 12:39 | Build | Farm |
| 12:45 | Build | Farm |
| 12:57 | Build | Farm |
| 13:07 | Build | House |
| 13:08 | Build | House |
| 13:22 | Build | Farm |
| 13:26 | Create | Villager (Male) |
| 13:27 | Create | Villager (Male) |
| 13:34 | Build | Farm |
| 13:38 | Create | Villager (Male) |
| 13:51 | Research | Loom |
| 13:58 | Build | Farm |
| 14:02 | Build | House |
| 14:05 | Build | House |
| 14:15 | Build | Farm |
| 14:22 | Create | Villager (Male) |
| 14:38 | Build | Farm |
| 14:56 | Build | Farm |
| 15:21 | Research | Castle Age |
| 16:10 | Build | Lumber Camp |
| 16:23 | Research | Fletching |
| 16:24 | Research | Fletching |
| 16:26 | Create | Villager (Male) |
| 16:26 | Create | Villager (Male) |
| 16:27 | Create | Villager (Male) |
| 16:27 | Create | Villager (Male) |
| 18:01 | Age | Castle Age |
| 18:05 | Build | Town Center |
| 18:13 | Build | Town Center |
| 18:16 | Research | Bow Saw |
| 18:19 | Research | Gold Shaft Mining |
| 18:21 | Research | Stone Mining |
| 18:34 | Build | Archery Range |
| 18:36 | Create | Unit 1952 |
| 18:36 | Create | Unit 1952 |
| 18:54 | Research | Bodkin Arrow |
| 19:20 | Create | Villager (Male) |
| 19:20 | Create | Villager (Male) |
| 19:20 | Create | Villager (Male) |
| 19:20 | Create | Villager (Male) |
| 19:21 | Create | Villager (Male) |
| 19:21 | Create | Villager (Male) |
| 19:21 | Create | Villager (Male) |
| 19:29 | Build | Archery Range |
| 19:33 | Create | Villager (Male) |
| 19:51 | Build | Farm |
| 19:55 | Build | Farm |
| 19:59 | Build | Farm |
| 20:12 | Build | Farm |
| 20:14 | Create | Villager (Male) |
| 20:14 | Create | Villager (Male) |
| 20:14 | Create | Villager (Male) |
| 20:14 | Create | Villager (Male) |
| 20:19 | Build | House |
| 20:20 | Build | House |
| 20:26 | Create | Unit 1952 ×2 |
| 20:41 | Create | Unit 1952 ×2 |
| 21:10 | Create | Villager (Male) |
| 21:11 | Create | Villager (Male) |
| 21:11 | Create | Villager (Male) |
| 21:11 | Create | Villager (Male) |
| 21:23 | Create | Villager (Male) |
| 21:24 | Create | Villager (Male) |
| 21:24 | Create | Villager (Male) |
| 21:24 | Create | Villager (Male) |
| 21:27 | Build | House |
| 21:27 | Build | House |
| 21:29 | Build | House |
| 21:30 | Build | House |
| 21:34 | Create | Unit 1952 ×5 |
| 21:34 | Create | Unit 1952 ×5 |
| 22:03 | Create | Villager (Male) |
| 22:04 | Create | Villager (Male) |
| 22:04 | Create | Villager (Male) |
| 22:04 | Create | Villager (Male) |
| 22:05 | Create | Villager (Male) |
| 22:11 | Build | House |
| 22:12 | Build | House |
| 22:13 | Build | House |
| 22:16 | Create | Villager (Male) |
| 22:17 | Create | Villager (Male) |
| 22:29 | Create | Unit 1952 ×5 |
| 22:29 | Create | Unit 1952 ×3 |
| 22:35 | Create | Villager (Male) |
| 22:56 | Build | Town Center |
| 23:07 | Build | Farm |
| 23:09 | Build | Farm |
| 23:11 | Build | Farm |
| 23:12 | Build | Farm |
| 24:15 | Create | Villager (Male) |
| 24:15 | Create | Villager (Male) |
| 24:15 | Create | Villager (Male) |
| 24:15 | Create | Villager (Male) |
| 24:16 | Create | Villager (Male) |
| 24:19 | Create | Villager (Male) |
| 24:20 | Create | Villager (Male) |
| 24:20 | Create | Villager (Male) |
| 24:20 | Create | Villager (Male) |
| 24:20 | Create | Villager (Male) |
| 24:23 | Create | Unit 1952 ×5 |
| 24:23 | Create | Unit 1952 ×4 |
| 24:28 | Build | House |
Build order — CTM | Que paso perrito?
First 150 of 672 actions detected
| 0:01 | Create | Villager (Male) |
| 0:01 | Create | Villager (Male) |
| 0:01 | Create | Villager (Male) |
| 0:02 | Create | Villager (Male) |
| 0:02 | Create | Villager (Male) |
| 0:04 | Build | House |
| 0:06 | Build | House |
| 1:16 | Create | Villager (Male) |
| 1:16 | Create | Villager (Male) |
| 1:58 | Create | Villager (Male) |
| 1:58 | Create | Villager (Male) |
| 2:22 | Create | Villager (Male) |
| 2:23 | Create | Villager (Male) |
| 2:29 | Build | Lumber Camp |
| 2:56 | Research | Wheelbarrow |
| 3:30 | Create | Villager (Male) |
| 3:33 | Create | Villager (Male) |
| 3:33 | Create | Villager (Male) |
| 3:53 | Create | Villager (Male) |
| 3:53 | Create | Villager (Male) |
| 4:08 | Build | House |
| 4:28 | Create | Villager (Male) |
| 5:09 | Create | Villager (Male) |
| 5:09 | Create | Villager (Male) |
| 5:10 | Create | Villager (Male) |
| 6:02 | Build | Mill |
| 6:04 | Create | Villager (Male) |
| 6:04 | Create | Villager (Male) |
| 6:05 | Create | Villager (Male) |
| 6:21 | Create | Villager (Male) |
| 6:55 | Build | House |
| 7:23 | Create | Villager (Male) |
| 7:24 | Create | Villager (Male) |
| 7:58 | Build | Farm |
| 7:58 | Build | Farm |
| 8:23 | Create | Villager (Male) |
| 9:11 | Research | Feudal Age |
| 9:12 | Research | Feudal Age |
| 10:36 | Create | Villager (Male) |
| 10:36 | Create | Villager (Male) |
| 11:22 | Age | Feudal Age |
| 11:24 | Build | Market |
| 11:29 | Build | Blacksmith |
| 12:08 | Research | Castle Age |
| 12:08 | Research | Castle Age |
| 12:38 | Build | Mining Camp |
| 12:52 | Research | Double-Bit Axe |
| 14:52 | Age | Castle Age |
| 14:55 | Research | Hand Cart |
| 14:58 | Build | Town Center |
| 15:26 | Create | Villager (Male) |
| 15:40 | Build | House |
| 15:41 | Build | House |
| 15:46 | Build | Farm |
| 15:50 | Build | Farm |
| 16:11 | Build | Farm |
| 16:13 | Create | Villager (Male) |
| 16:13 | Create | Villager (Male) |
| 16:13 | Create | Villager (Male) |
| 16:14 | Create | Villager (Male) |
| 16:33 | Create | Villager (Male) |
| 17:00 | Build | Farm |
| 17:01 | Build | Farm |
| 17:07 | Build | Farm |
| 17:08 | Create | Villager (Male) |
| 17:09 | Create | Villager (Male) |
| 17:16 | Build | Farm |
| 17:33 | Build | Castle |
| 17:37 | Build | Farm |
| 17:45 | Build | Farm |
| 17:54 | Create | Villager (Male) |
| 17:54 | Create | Villager (Male) |
| 18:00 | Build | Outpost |
| 18:09 | Create | Villager (Male) |
| 18:09 | Create | Villager (Male) |
| 18:19 | Build | Farm |
| 18:19 | Build | Farm |
| 18:19 | Build | Farm |
| 18:19 | Build | Farm |
| 18:25 | Build | Farm |
| 18:43 | Build | Farm |
| 18:44 | Create | Villager (Male) |
| 18:44 | Create | Villager (Male) |
| 18:45 | Create | Villager (Male) |
| 18:57 | Create | Villager (Male) |
| 18:57 | Create | Villager (Male) |
| 19:16 | Build | House |
| 19:17 | Build | House |
| 19:18 | Build | House |
| 19:19 | Build | House |
| 19:21 | Build | House |
| 19:22 | Build | House |
| 19:25 | Build | House |
| 19:25 | Build | House |
| 19:29 | Create | Villager (Male) |
| 19:33 | Build | Farm |
| 19:34 | Create | Villager (Male) |
| 19:34 | Create | Villager (Male) |
| 19:44 | Build | Farm |
| 19:59 | Create | Villager (Male) |
| 19:59 | Create | Villager (Male) |
| 20:00 | Create | Villager (Male) |
| 20:00 | Create | Villager (Male) |
| 20:18 | Create | Villager (Male) |
| 20:18 | Create | Villager (Male) |
| 20:45 | Create | Villager (Male) |
| 20:45 | Create | Villager (Male) |
| 20:46 | Create | Villager (Male) |
| 20:46 | Create | Villager (Male) |
| 20:46 | Create | Villager (Male) |
| 20:50 | Build | Mining Camp |
| 20:54 | Create | Villager (Male) |
| 20:54 | Create | Villager (Male) |
| 20:55 | Create | Villager (Male) |
| 21:19 | Build | Town Center |
| 21:20 | Create | Villager (Male) |
| 21:21 | Create | Villager (Male) |
| 21:21 | Create | Villager (Male) |
| 21:24 | Build | Farm |
| 21:28 | Create | Villager (Male) |
| 21:59 | Research | Bow Saw |
| 22:00 | Research | Bow Saw |
| 22:04 | Research | Horse Collar |
| 22:04 | Research | Horse Collar |
| 22:09 | Build | Farm |
| 22:14 | Create | Coustillier |
| 22:23 | Create | Villager (Male) |
| 22:23 | Create | Villager (Male) |
| 22:23 | Create | Villager (Male) |
| 22:24 | Create | Villager (Male) |
| 22:29 | Build | Farm |
| 22:29 | Build | Farm |
| 22:30 | Build | Farm |
| 22:30 | Build | Farm |
| 22:30 | Build | Farm |
| 22:30 | Build | Farm |
| 22:31 | Build | Farm |
| 22:31 | Build | Farm |
| 22:32 | Build | Farm |
| 22:33 | Create | Villager (Male) |
| 22:34 | Create | Villager (Male) |
| 22:45 | Create | Villager (Male) |
| 22:46 | Create | Villager (Male) |
| 22:46 | Create | Villager (Male) |
| 22:46 | Create | Villager (Male) |
| 22:53 | Create | Coustillier |
| 23:03 | Build | Farm |
| 23:16 | Build | Farm |
| 23:16 | Build | Farm |
| 23:16 | Build | Farm |
Build order — TmZ_ĐЯEW ♚☯
First 150 of 840 actions detected
| 0:01 | Create | Villager (Male) ×4 |
| 0:01 | Create | Villager (Male) ×4 |
| 0:02 | Build | House |
| 0:03 | Build | House |
| 1:30 | Create | Villager (Male) |
| 1:30 | Create | Villager (Male) |
| 1:30 | Create | Villager (Male) |
| 1:55 | Build | Lumber Camp |
| 1:58 | Create | Villager (Male) |
| 1:59 | Create | Villager (Male) |
| 2:14 | Create | Villager (Male) |
| 2:50 | Create | Villager (Male) |
| 2:50 | Create | Villager (Male) |
| 2:50 | Create | Villager (Male) |
| 3:03 | Create | Villager (Male) |
| 3:04 | Create | Villager (Male) |
| 3:04 | Create | Villager (Male) |
| 3:28 | Build | Mill |
| 3:36 | Create | Villager (Male) |
| 3:36 | Create | Villager (Male) |
| 3:37 | Create | Villager (Male) |
| 3:53 | Create | Villager (Male) |
| 3:53 | Create | Villager (Male) |
| 3:53 | Create | Villager (Male) |
| 4:38 | Create | Villager (Male) |
| 4:38 | Create | Villager (Male) |
| 4:38 | Create | Villager (Male) |
| 4:57 | Create | Villager (Male) |
| 4:57 | Create | Villager (Male) |
| 4:57 | Create | Villager (Male) |
| 5:18 | Build | Mill |
| 5:19 | Create | Villager (Male) |
| 5:19 | Create | Villager (Male) |
| 5:19 | Create | Villager (Male) |
| 5:27 | Create | Villager (Male) |
| 5:27 | Create | Villager (Male) |
| 5:27 | Create | Villager (Male) |
| 5:59 | Create | Villager (Male) |
| 5:59 | Create | Villager (Male) |
| 5:59 | Create | Villager (Male) |
| 6:15 | Create | Villager (Male) |
| 6:36 | Create | Villager (Male) |
| 6:57 | Create | Villager (Male) |
| 7:25 | Create | Villager (Male) |
| 7:45 | Build | Mining Camp |
| 7:53 | Create | Villager (Male) |
| 8:12 | Research | Feudal Age |
| 8:12 | Research | Feudal Age |
| 9:26 | Build | House |
| 10:33 | Age | Feudal Age |
| 10:36 | Create | Villager (Male) |
| 10:38 | Build | Blacksmith |
| 10:41 | Build | Market |
| 10:42 | Create | Villager (Male) |
| 10:46 | Build | House |
| 11:05 | Build | Farm |
| 11:07 | Build | Farm |
| 11:33 | Research | Castle Age |
| 11:33 | Research | Castle Age |
| 12:07 | Build | Farm |
| 12:14 | Research | Double-Bit Axe |
| 12:14 | Research | Double-Bit Axe |
| 12:48 | Research | Horse Collar |
| 12:48 | Research | Horse Collar |
| 12:48 | Research | Horse Collar |
| 14:05 | Create | Villager (Male) |
| 14:13 | Age | Castle Age |
| 14:16 | Create | Villager (Male) |
| 14:20 | Build | Town Center |
| 14:30 | Build | Town Center |
| 15:04 | Create | Villager (Male) |
| 15:28 | Create | Villager (Male) |
| 15:33 | Create | Villager (Male) |
| 15:35 | Create | Villager (Male) |
| 15:45 | Create | Villager (Male) |
| 15:53 | Build | Farm |
| 15:55 | Build | Farm |
| 15:58 | Build | Farm |
| 15:58 | Create | Villager (Male) |
| 16:01 | Build | Farm |
| 16:08 | Build | Farm |
| 16:10 | Create | Villager (Male) |
| 16:10 | Create | Villager (Male) |
| 16:25 | Create | Villager (Male) |
| 16:26 | Research | Loom |
| 16:31 | Build | Farm |
| 16:32 | Create | Villager (Male) |
| 16:36 | Build | Farm |
| 16:36 | Build | Farm |
| 16:45 | Build | Farm |
| 16:45 | Create | Villager (Male) |
| 16:46 | Create | Villager (Male) |
| 16:58 | Build | Farm |
| 16:59 | Create | Villager (Male) |
| 16:59 | Create | Villager (Male) |
| 17:02 | Build | Farm |
| 17:05 | Build | Farm |
| 17:12 | Create | Villager (Male) |
| 17:12 | Create | Villager (Male) |
| 17:12 | Create | Villager (Male) |
| 17:20 | Create | Villager (Male) |
| 17:21 | Create | Villager (Male) |
| 17:24 | Create | Villager (Male) |
| 17:34 | Build | Siege Workshop |
| 17:39 | Build | House |
| 17:40 | Create | Villager (Male) |
| 17:40 | Create | Villager (Male) |
| 17:40 | Create | Villager (Male) |
| 17:46 | Create | Villager (Male) |
| 17:46 | Create | Villager (Male) |
| 17:46 | Create | Villager (Male) |
| 17:53 | Create | Villager (Male) |
| 17:53 | Create | Villager (Male) |
| 18:02 | Build | House |
| 18:04 | Create | Villager (Male) |
| 18:04 | Create | Villager (Male) |
| 18:04 | Create | Villager (Male) |
| 18:12 | Create | Villager (Male) |
| 18:13 | Create | Villager (Male) |
| 18:19 | Build | House |
| 18:22 | Create | Villager (Male) |
| 18:22 | Create | Villager (Male) |
| 18:22 | Create | Villager (Male) |
| 18:24 | Build | Mining Camp |
| 18:33 | Create | Mangonel |
| 18:36 | Build | House |
| 18:37 | Build | House |
| 18:40 | Build | House |
| 18:42 | Build | House |
| 18:43 | Create | Villager (Male) |
| 18:43 | Create | Villager (Male) |
| 18:43 | Create | Villager (Male) |
| 18:47 | Create | Villager (Male) |
| 18:49 | Build | House |
| 18:51 | Create | Villager (Male) |
| 18:51 | Create | Villager (Male) |
| 18:51 | Create | Villager (Male) |
| 18:58 | Build | Mill |
| 19:05 | Build | Farm |
| 19:05 | Build | Farm |
| 19:06 | Build | Farm |
| 19:06 | Build | Farm |
| 19:06 | Build | Farm |
| 19:07 | Create | Villager (Male) |
| 19:08 | Create | Villager (Male) |
| 19:08 | Create | Villager (Male) |
| 19:14 | Build | Farm |
| 19:19 | Create | Villager (Male) |
| 19:20 | Create | Villager (Male) |
| 19:20 | Create | Villager (Male) |
Match timeline
| 7:25 | ¼ Ô · first_building Donjon |
| 9:08 | :) YO30830 · first_building Barracks |
| 9:49 | ¼ Ô · age_up feudal |
| 10:19 | CTM | Franco* · age_up feudal |
| 10:28 | :) YO30830 · age_up feudal |
| 10:33 | TmZ_ĐЯEW ♚☯ · age_up feudal |
| 11:04 | Boroo · age_up feudal |
| 11:22 | CTM | Que paso perrito? · age_up feudal |
| 11:32 | PSX | King · age_up feudal |
| 11:53 | Boroo · first_market_sell 100 stone |
| 12:09 | CTM | Benja FC · age_up feudal |
| 12:16 | :) YO30830 · first_building Archery Range |
| 13:34 | CTM | Franco* · first_building Stable |
| 14:13 | TmZ_ĐЯEW ♚☯ · age_up castle |
| 14:52 | CTM | Que paso perrito? · age_up castle |
| 15:00 | Boroo · age_up castle |
| 15:00 | PSX | King · first_market_buy 100 wood |
| 15:09 | Boroo · first_building Castle |
| 15:11 | PSX | King · age_up castle |
| 15:14 | PSX | King · first_building Castle |
| 15:20 | Boroo · first_building Barracks |
| 15:21 | PSX | King · first_market_sell 100 wood |
| 15:22 | CTM | Franco* · age_up castle |
| 15:27 | CTM | Franco* · first_building Siege Workshop |
| 15:28 | ¼ Ô · first_market_buy 100 food |
| 15:33 | PSX | King · first_building Monastery |
| 15:44 | CTM | Benja FC · age_up castle |
| 16:05 | CTM | Benja FC · first_market_buy 100 food |
| 16:10 | TmZ_ĐЯEW ♚☯ · first_market_buy 100 food |
| 16:13 | Boroo · first_building Siege Workshop |
| 17:01 | ¼ Ô · first_building Barracks |
| 17:33 | CTM | Que paso perrito? · first_building Castle |
| 17:34 | TmZ_ĐЯEW ♚☯ · first_building Siege Workshop |
| 18:01 | :) YO30830 · age_up castle |
| 18:34 | ¼ Ô · age_up castle |
| 19:13 | ¼ Ô · first_building Siege Workshop |
| 21:02 | TmZ_ĐЯEW ♚☯ · first_building Barracks |
| 22:57 | CTM | Benja FC · wall_segment Palisade Wall x3 |
| 24:10 | TmZ_ĐЯEW ♚☯ · first_building Castle |
| 25:15 | CTM | Benja FC · first_building Castle |
| 26:07 | CTM | Benja FC · first_building Siege Workshop |
| 26:53 | TmZ_ĐЯEW ♚☯ · first_market_sell 100 food |
| 26:53 | CTM | Que paso perrito? · first_building Siege Workshop |
| 27:18 | TmZ_ĐЯEW ♚☯ · first_building Monastery |
| 27:21 | CTM | Que paso perrito? · wall_segment Stone Wall x10 |
| 27:41 | PSX | King · first_building Barracks |
| 27:49 | TmZ_ĐЯEW ♚☯ · first_building Stable |
| 28:20 | CTM | Que paso perrito? · wall_segment Stone Wall x7 |
| 28:40 | CTM | Que paso perrito? · wall_segment Stone Wall x7 |
| 28:49 | PSX | King · first_building Stable |
| 28:55 | CTM | Benja FC · first_building Barracks |
| 29:00 | Boroo · first_market_buy 100 food |
| 29:07 | :) YO30830 · first_building Castle |
| 30:07 | PSX | King · age_up imperial |
| 30:23 | TmZ_ĐЯEW ♚☯ · age_up imperial |
| 30:29 | CTM | Franco* · wall_segment Stone Wall x18 |
| 30:32 | CTM | Que paso perrito? · first_market_sell 100 food |
| 30:42 | CTM | Benja FC · age_up imperial |
| 30:44 | CTM | Franco* · first_building Barracks |
| 30:55 | CTM | Que paso perrito? · wall_segment Stone Wall x6 |
| 31:43 | CTM | Que paso perrito? · wall_segment Stone Wall x5 |
| 31:56 | CTM | Benja FC · first_market_sell 100 food |
| 32:05 | :) YO30830 · first_market_sell 500 food |
| 32:11 | Boroo · age_up imperial |
| 32:56 | CTM | Que paso perrito? · wall_segment Stone Wall x6 |
| 33:08 | :) YO30830 · first_building Stable |
| 33:58 | :) YO30830 · first_building Siege Workshop |
| 34:22 | CTM | Que paso perrito? · age_up imperial |
| 34:25 | CTM | Que paso perrito? · wall_segment Stone Wall x7 |
| 34:46 | CTM | Benja FC · tribute_sent a jugador 1 |
| 34:46 | CTM | Benja FC · tribute_sent a jugador 3 |
| 34:46 | CTM | Benja FC · tribute_sent a jugador 4 |
| 34:46 | CTM | Benja FC · tribute_sent a jugador 5 |
| 34:46 | CTM | Benja FC · tribute_sent a jugador 6 |
| 34:46 | CTM | Benja FC · tribute_sent a jugador 7 |
| 34:46 | CTM | Benja FC · tribute_sent a jugador 8 |
| 34:47 | CTM | Que paso perrito? · wall_segment Stone Wall x5 |
| 35:11 | CTM | Que paso perrito? · first_building Barracks |
| 35:20 | :) YO30830 · age_up imperial |
| 36:40 | CTM | Franco* · first_building Castle |
| 36:46 | CTM | Franco* · wall_segment Stone Wall x4 |
| 36:46 | CTM | Que paso perrito? · wall_segment Stone Wall x1 |
| 36:50 | CTM | Franco* · wall_segment Stone Wall x3 |
| 37:23 | CTM | Franco* · wall_segment Stone Wall x1 |
| 37:28 | CTM | Franco* · wall_segment Stone Wall x1 |
| 38:06 | ¼ Ô · first_building Castle |
| 38:33 | CTM | Franco* · age_up imperial |
| 38:46 | CTM | Que paso perrito? · first_building Archery Range |
| 39:02 | PSX | King · tribute_sent a jugador 1 |
| 39:02 | PSX | King · tribute_sent a jugador 2 |
| 39:02 | PSX | King · tribute_sent a jugador 3 |
| 39:02 | PSX | King · tribute_sent a jugador 4 |
| 39:02 | PSX | King · tribute_sent a jugador 5 |
| 39:02 | PSX | King · tribute_sent a jugador 6 |
| 39:02 | PSX | King · tribute_sent a jugador 7 |
| 39:15 | CTM | Franco* · wall_segment Stone Wall x5 |
| 39:49 | PSX | King · first_building Siege Workshop |
| 40:20 | CTM | Franco* · wall_segment Stone Wall x2 |
| 40:32 | CTM | Franco* · wall_segment Stone Wall x1 |
| 40:33 | CTM | Franco* · wall_segment Stone Wall x1 |
| 40:49 | CTM | Que paso perrito? · first_building Stable |
| 40:57 | PSX | King · wall_segment Stone Wall x1 |
| 40:58 | PSX | King · wall_segment Stone Wall x1 |
| 40:58 | PSX | King · wall_segment Stone Wall x1 |
| 41:00 | PSX | King · wall_segment Stone Wall x1 |
| 41:01 | PSX | King · wall_segment Stone Wall x1 |
| 41:06 | PSX | King · wall_segment Stone Wall x1 |
| 42:36 | ¼ Ô · age_up imperial |
| 42:44 | CTM | Benja FC · tribute_sent a jugador 1 |
| 42:44 | CTM | Benja FC · tribute_sent a jugador 3 |
| 42:44 | CTM | Benja FC · tribute_sent a jugador 4 |
| 42:44 | CTM | Benja FC · tribute_sent a jugador 5 |
| 42:45 | CTM | Benja FC · tribute_sent a jugador 6 |
| 42:45 | CTM | Benja FC · tribute_sent a jugador 7 |
| 42:45 | CTM | Benja FC · tribute_sent a jugador 8 |
| 42:50 | CTM | Franco* · wall_segment Stone Wall x1 |
| 45:57 | ¼ Ô · first_building Stable |
| 49:26 | CTM | Que paso perrito? · tribute_sent a jugador 1 |
| 49:26 | CTM | Que paso perrito? · tribute_sent a jugador 2 |
| 49:26 | CTM | Que paso perrito? · tribute_sent a jugador 3 |
| 49:26 | CTM | Que paso perrito? · tribute_sent a jugador 4 |
| 49:26 | CTM | Que paso perrito? · tribute_sent a jugador 5 |
| 49:26 | CTM | Que paso perrito? · tribute_sent a jugador 7 |
| 49:26 | CTM | Que paso perrito? · tribute_sent a jugador 8 |
| 50:07 | TmZ_ĐЯEW ♚☯ · wall_segment Stone Wall x3 |
| 50:28 | CTM | Benja FC · tribute_sent a jugador 1 |
| 50:28 | CTM | Benja FC · tribute_sent a jugador 3 |
| 50:28 | CTM | Benja FC · tribute_sent a jugador 4 |
| 50:28 | CTM | Benja FC · tribute_sent a jugador 5 |
| 50:28 | CTM | Benja FC · tribute_sent a jugador 6 |
| 50:28 | CTM | Benja FC · tribute_sent a jugador 7 |
| 50:28 | CTM | Benja FC · tribute_sent a jugador 8 |
| 50:46 | :) YO30830 · tribute_sent a jugador 1 |
| 50:46 | :) YO30830 · tribute_sent a jugador 2 |
| 50:46 | :) YO30830 · tribute_sent a jugador 3 |
| 50:46 | :) YO30830 · tribute_sent a jugador 4 |
| 50:46 | :) YO30830 · tribute_sent a jugador 6 |
| 50:46 | :) YO30830 · tribute_sent a jugador 7 |
| 50:46 | :) YO30830 · tribute_sent a jugador 8 |
| 51:36 | CTM | Franco* · wall_segment Palisade Wall x1 |
| 51:38 | CTM | Franco* · wall_segment Stone Wall x6 |
| 52:12 | CTM | Franco* · wall_segment Stone Wall x1 |
| 52:14 | CTM | Franco* · wall_segment Stone Wall x1 |
| 52:18 | CTM | Que paso perrito? · resign |
[ AI ANALYSIS · 1 CREDIT ]
What really happened in this match?
Wolo.gg analyzes every decision: build order, eco, micro, common mistakes by bracket. Personalized analysis on WhatsApp or Discord in 30 seconds.
Civ guide
Lithuanians
Perfil
Jugador #9733677